 Dungeon Crawl Stone Soup version 0.28-a0-1002-gf00fe891ef (webtiles) character file.

Game seed: 2475673912225662150

5531 joejoepie the Fighter (level 10, 0/88 HPs)
             Began as a Palentonga Fighter on Dec 6, 2021.
             Was a Follower of Qazlal.
             Slain by a killer bee (4 damage)
             ... on level 8 of the Dungeon.
             The game lasted 00:46:13 (12661 turns).

joejoepie the Fighter (Palentonga Fighter)         Turns: 12661, Time: 00:46:14

Health: 0/88       AC: 28    Str: 25    XL:     10   Next: 43%
Magic:  1/10       EV:  6    Int:  9    God:    Qazlal [*.....]
Gold:   544        SH:  2    Dex: 10    Spells: 9/9 levels left

rFire   . . .      SeeInvis +   K - +3 great sword
rCold   . . .      Faith    .   (shield currently unavailable)
rNeg    . . .      Spirit   .   u - +2 plate armour {Will+}
rPois   .          Reflect  .   i - +2 helmet
rElec   .          Harm     .   (no cloak)
rCorr   .          Rampage  .   E - +1 pair of gloves {infuse}
Will    +....      Clarity  +   (no barding)
Stlth   ..........              (no amulet)
HPRegen 0.24/turn               (no ring)
MPRegen 0.12/turn               (no ring)

@: mighty, lethally poisoned (0 -> -5), hasted, curled up, very quick
A: large, rugged brown scales 3, see invisible, deformed body, roll 1, armoured
tail, reflexive curl, iridescent scales 1, clarity, shaggy fur 1, strong 1, wild
magic 1
a: Rolling Charge, Renounce Religion


You were on level 8 of the Dungeon.
You worshipped Qazlal.
Qazlal was aware of your devotion.
You visited 2 branches of the dungeon, and saw 9 of its levels.
You also visited: Sewer.

You collected 544 gold pieces.

Inventory:

Hand Weapons
 a - a +1 long sword
 h - a +0 long sword
 w - a +0 vorpal dire flail
 F - a +1 short sword of protection
 J - a +2 halberd
 K - a +3 great sword (weapon)
 L - a +1 vorpal scimitar
Missiles
 d - 243 stones
 l - 23 poisoned darts
 y - 2 throwing nets
 I - 2 silver boomerangs
Armour
 b - a +0 scale mail
 c - a +0 buckler
 e - a +1 chain mail
 i - a +2 helmet (worn)
 k - a +0 pair of gloves
 u - a +2 plate armour of willpower (worn)
 C - a +2 pair of boots
 E - a +1 pair of gloves of infusion (worn)
 H - a +2 chain mail of cold resistance
Magical Staves
 t - a staff of fire
Jewellery
 f - a ring of fire
 j - a +6 ring of intelligence
 G - a ring of protection from cold
Wands
 p - a wand of iceblast (4)
 r - a wand of flame (27)
 s - a wand of charming (4)
Scrolls
 g - 4 scrolls of identify
 x - a scroll of enchant weapon
 B - a scroll of silence {unknown}
Potions
 m - a potion of cancellation
 n - 3 potions of haste
 q - a potion of attraction
 v - a potion of flight
 A - a potion of might
 D - 2 potions of lignification {unknown}
 M - a potion of ambrosia {unknown}
 N - a potion of brilliance


   Skills:
 * Level 9.1 Fighting
 + Level 9.1 Long Blades
 + Level 4.0 Slings
 + Level 5.6 Armour
 - Level 3.4 Dodging
 + Level 0.9 Stealth
 + Level 4.9 Shields
 + Level 5.3 Unarmed Combat


You had 9 spell levels left.
You didn't know any spells.
Your spell library contained the following spells:

 Spells                   Type           Power      Damage    Failure   Level
 Call Canine Familiar     Summ           0%         N/A       100%        3
 Ignite Poison            Fire/Tmut/Pois 0%         N/A       100%        3
 Mephitic Cloud           Conj/Pois/Air  0%         N/A       100%        3
 Ozocubu's Armour         Ice            0%         N/A       100%        3
 Portal Projectile        Hex/Tloc       0%         N/A       100%        3
 Leda's Liquefaction      Hex/Erth       0%         N/A       100%        4
 Freezing Cloud           Conj/Ice/Air   0%         6-21      100%        5
 Simulacrum               Ice/Necr       0%         N/A       100%        6
 Ozocubu's Refrigeration  Ice            0%         4d5       100%        7
 Polar Vortex             Ice            0%         N/A       100%        9


Dungeon Overview and Level Annotations

Branches:
Dungeon (8/15)             Temple (1/1) D:7           Sewer (visited)
   Lair: D:8-11

Altars:
Cheibriados
Dithmenos
Elyvilon
Fedhas
Gozag
Makhleb
Nemelex Xobeh
Qazlal
Sif Muna
Trog
Vehumet
Wu Jian
Xom
Yredelemnul
The Shining One

Annotations:
D:7 Maggie


Innate Abilities, Weirdness & Mutations

You are completely covered in rugged brown scales. (AC +3, +7% HP)
You have supernaturally acute eyesight. (SInv)
Armour fits poorly on your strangely shaped body.
You can roll at nearby foes to attack.
You have a long armoured tail.
You curl defensively after being hit. (AC +7*)
You are partially covered in iridescent scales. (AC +2)
You possess an exceptional clarity of mind.
You are covered in fur. (AC +1)
Your muscles are strong. (Str +2)
Your spells are a little harder to cast, but a little more powerful.


Message History

The queen bee poisons you!
You slice the queen bee!!
You kill the queen bee!
Qazlal accepts your kill.
You feel very sick.
The killer bee stings you but does no damage.
The killer bee barely misses you. The killer bee stings you!
* * * LOW HITPOINT WARNING * * *
You feel yourself speed up.
* * * LOW HITPOINT WARNING * * *
You feel very sick.
The killer bee stings you but does no damage. x3
* * * LOW HITPOINT WARNING * * *
You feel sick.
The killer bee stings you but does no damage.
* * * LOW HITPOINT WARNING * * *
You feel sick.
The killer bee rages.
The killer bee stings you but does no damage.
* * * LOW HITPOINT WARNING * * *
You feel sick. The killer bee barely misses you. x2
You feel better.
The killer bee stings you but does no damage. x4
The killer bee stings you.
* * * LOW HITPOINT WARNING * * *
The killer bee stings you but does no damage.
The killer bee stings you!
* * * LOW HITPOINT WARNING * * *
You are lethally poisoned!
The killer bee poisons you!
The killer bee stings you but does no damage.
You feel better.
The killer bee stings you but does no damage.
The killer bee stings you.
* * * LOW HITPOINT WARNING * * *
You are lethally poisoned!
The killer bee poisons you!
The killer bee stings you but does no damage. x2
The killer bee stings you.
You die...

#....##.............#........#
#######.............'........#
#...####.....##.....####
###'##################
#....#................
#....#................
#....#).............
#....)...y.........
#....#..@y<..##..#
#....#...y...##..#
#....#........†..# ...
#...####.....##(.#
...##...####.....# ..#
.................# ..y.
#..................# #.'..
#.................... .#....
#......................#....


You could see 3 killer bees.

Vanquished Creatures
  Pikel (D:6)
  An unseen horror (D:8)
  A queen bee (D:8)
  A yak (D:6)
  A wyvern (D:8)
  Eustachio (D:4)
  A steam dragon (D:7)
  A water moccasin (D:8)
  Edmund (D:5)
  Duvessa (D:5)
  An ice beast (D:6)
  2 black bears (D:6)
  3 sky beasts
  2 orc warriors
  3 hornet zombies
  3 ogres
  A centaur (D:5)
  2 lemures (D:5)
  2 phantoms
  2 kobold brigands
  A bullfrog (D:8)
  3 scorpions
  A water moccasin zombie (D:5)
  Dowan (D:5)
  7 killer bees (D:8)
  3 wights (D:7)
  A centaur zombie (D:8)
  6 hounds
  2 orc priests
  Crazy Yiuf (D:5)
  A centaur skeleton (D:6)
  Ijyb (D:5)
  3 iguanas
  2 orc wizards
  A killer bee zombie (D:7)
  2 hound skeletons (D:4)
  8 gnolls
  3 river rats (Sewer)
  11 adders
  A worm (D:3)
  6 dart slugs
  15 orcs
  7 bats
  8 endoplasms
  6 giant cockroaches
  8 goblins
  8 hobgoblins
  4 jackals (D:1)
  2 quokkas
  13 ball pythons
  8 frilled lizards
  27 kobolds
  29 rats
231 creatures vanquished.

Vanquished Creatures (others)
  A wight (D:7)
  2 fungi
  37 plants
40 creatures vanquished.

Grand Total: 271 creatures vanquished

Notes
Turn   | Place    | Note
-------+----------+-------------------------------------------
     0 | D:1      | joejoepie the Palentonga Fighter began the quest for the
                  | Orb.
     0 | D:1      | Reached XP level 1. HP: 19/19 MP: 1/1
   183 | D:1      | Reached XP level 2. HP: 17/25 MP: 2/2
   719 | D:1      | Reached XP level 3. HP: 31/31 MP: 3/3
  1832 | D:2      | Noticed a phantom
  1912 | D:1      | Reached XP level 4. HP: 8/37 MP: 4/4
  2438 | D:1      | Killed a phantom
  2439 | D:1      | Reached XP level 5. HP: 17/44 MP: 5/5
  2824 | D:2      | Reached skill level 1 in Dodging
  3380 | D:2      | Found a faded altar of an unknown god.
  3611 | D:3      | Found a glowing drain.
  3632 | Sewer    | Entered a sewer
  3687 | Sewer    | Reached XP level 6. HP: 52/52 MP: 6/6
  5229 | Sewer    | Gained mutation: You have hidden genetic potential. [potion
                  | of mutation]
  5229 | Sewer    | Gained mutation: Your spells are a little harder to cast,
                  | but a little more powerful. [potion of mutation]
  5229 | Sewer    | Gained mutation: You are partially covered in iridescent
                  | scales. (AC +2) [potion of mutation]
  5229 | Sewer    | Gained mutation: You possess an exceptional clarity of
                  | mind. [potion of mutation]
  5458 | D:3      | Reached skill level 5 in Unarmed Combat
  5458 | D:3      | Gained mutation: You curl defensively after being hit. (AC
                  | +7*) [Palentonga growth]
  5458 | D:3      | Reached XP level 7. HP: 64/64 MP: 7/7
  6269 | D:4      | You fall into a shaft and drop 3 floors!
  6367 | D:6      | Reached XP level 8. HP: 67/71 MP: 8/8
  6392 | D:5      | Entered Level 5 of the Dungeon
  6537 | D:5      | Gained mutation: You are covered in fur. (AC +1) [hidden
                  | potential]
  6622 | D:5      | Noticed Ijyb
  6630 | D:5      | Killed Ijyb
  6645 | D:5      | Noticed Duvessa
  6651 | D:5      | Noticed Dowan
  6657 | D:5      | Killed Dowan
  6667 | D:5      | Killed Duvessa
  7126 | D:4      | Found a snail-covered altar of Cheibriados.
  7130 | D:4      | Noticed Eustachio
  7171 | D:5      | Noticed Edmund
  7187 | D:5      | Killed Edmund
  7398 | D:5      | Found a shimmering blue altar of Sif Muna.
  7675 | D:4      | Killed Eustachio
  7952 | D:5      | Found a shimmering altar of Xom.
  8040 | D:5      | Found a runed translucent door.
  8041 | D:5      | Noticed Crazy Yiuf
  8437 | D:5      | Reached XP level 9. HP: 79/79 MP: 9/9
  8443 | D:5      | Found an ornate altar of the Wu Jian Council.
  8443 | D:5      | Found a stormy altar of Qazlal.
  8451 | D:5      | Became a worshipper of Qazlal Stormbringer
  8692 | D:5      | Killed Crazy Yiuf
  8983 | D:6      | Noticed Pikel
  9134 | D:6      | Killed Pikel
  9163 | D:6      | Gained mutation: Your muscles are strong. (Str +2) [hidden
                  | potential]
  9163 | D:6      | Lost mutation: You have hidden genetic potential. [hidden
                  | potential expressed]
  9301 | D:6      | Found a burning altar of Makhleb.
  9303 | D:6      | Found a glowing golden altar of the Shining One.
  9308 | D:6      | Reached skill level 5 in Armour
 10381 | D:6      | Reached * piety under Qazlal
 10731 | D:7      | Found a radiant altar of Vehumet.
 10786 | D:7      | Reached XP level 10. HP: 53/86 MP: 0/10
 10990 | D:7      | Noticed Maggie
 10994 | D:7      | Found a staircase to the Ecumenical Temple.
 11003 | Temple   | Entered the Ecumenical Temple
 12067 | D:8      | Found a shadowy altar of Dithmenos.
 12363 | D:7      | Noticed a +0 spear
 12363 | D:7      | Noticed a +0 falchion
 12363 | D:7      | Noticed a +0 dagger
 12363 | D:7      | Noticed a +0 dagger
 12363 | D:7      | Noticed a +0 spear
 12363 | D:7      | Noticed a +0 short sword
 12363 | D:7      | Noticed a +0 falchion
 12363 | D:7      | Noticed a +0 short sword
 12650 | D:8      | HP: 1/88 [queen bee (5)]
 12660 | D:8      | HP: 2/88 [killer bee (10)]
 12661 | D:8      | Slain by a killer bee

Illustrated notes

Levels and vault maps discovered:
D:1:      heliophobic_arrival_henge, layout_basic, palyth_stone_intersect,
          chequers_hall_statues_y, minmay_tromino_mix6
D:2:      minmay_spotlight, layout_basic, serial_curves, eino_curves_04,
          eino_curves_01, eino_curves_02,
          shapermc_ecumenical_altar_mp_ritualfount, st_stairs_9
D:3:      layout_rooms, cheibrodos_sewer_entry_drain, serial_glass,
          glass_columns_b, glass_columns_a, grunt_ministairs_10,
          minmay_close_crescents
D:4:      layout_loops_cross, mainiacjoe_overflow_24_doors, uniq_eustachio
D:5:      layout_basic, mainiacjoe_overflow_concentric_impassable,
          gammafunk_temple_overflow_wave, kennysheep_little_box, uniq_duvessa,
          uniq_crazy_yiuf_cottage, uniq_ijyb, uniq_edmund
D:6:      layout_basic, jmf_multi_god_temple, uniq_pikel
D:7:      layout_loops_ring, nicolae_uskayaw_en_pointe,
          mainiacjoe_overflow_six_doors_small,
          minmay_temple_entry_gardened_gates, serial_co_window_serial,
          co_window_of_opportunity_a, co_window_paths_b, co_window_paths_a,
          co_window_corner_a, co_window_paths_a, co_window_of_opportunity_c,
          co_window_unsneaky_path_b, co_window_cross_4, co_window_sun,
          co_window_4corner_b, glass_columns_a, glass_columns_c,
          glass_columns_a, glass_columns_b, uniq_maggie
D:8:      layout_gridville, nicolae_overflow_crystal_walls,
          nicolae_looking_at_the_future
Temple:   hc_temple_tempest_star

Skill      XL: |  1  2  3  4  5  6  7  8  9 10 |
---------------+-------------------------------+-----
Long Blades    | 3 4 6 7 8 9 |  9.1
Fighting       | 4 7 8 9 |  9.1
Dodging        | 1 3 |  3.4
Slings         | 4 |  4.0
Armour         | 4 5 |  5.6
Shields        | 4 |  4.9
Unarmed Combat | 5 |  5.3
Stealth        | |  0.9

Action                   |  1- 3 |  4- 6 |  7- 9 | 10-12 || total
-------------------------+-------+-------+-------+-------++-------
Melee: Long sword        |    78 |   233 |   392 |     2 ||   705
       Tailslap          |     8 |    20 |    56 |    10 ||    94
       Great sword       |       |       |       |    80 ||    80
 Abil: Rolling Charge    |       |       |     1 |       ||     1
  Use: Scroll            |     2 |     2 |     4 |     1 ||     9
       Potion            |     1 |     8 |     7 |     7 ||    23
 Stab: Sleeping          |       |     1 |       |       ||     1
       Distracted        |       |     1 |       |       ||     1
Armor: Scale mail        |    18 |       |       |       ||    18
       Skin              |     7 |    73 |    19 |       ||    99
       Plate armour      |       |       |   225 |   105 ||   330
Dodge: Dodged            |    40 |   103 |   100 |    43 ||   286
Block: Buckler           |    10 |    34 |    87 |       ||   131
       Other             |       |       |       |     9 ||     9

Table legend: (Time is in decaauts)
 A = Elapsed time spent in this place.
 B = Non-inter-level travel time spent in this place.
 C = Inter-level travel time spent in this place.
 D = Time resting spent in this place.
 E = Time spent auto-exploring this place.
 F = Levels seen in this place.
 G = Mean time per level.
                   A        B        C        D        E       F      G
               +--------+--------+--------+--------+--------+-----+--------+
         Total |  12764 |  12431 |    333 |   3792 |   5651 |  10 | 1276.4 |
       Dungeon |  10707 |  10374 |    333 |   2807 |   5173 |   8 | 1338.4 |
        Temple |    227 |    227 |      0 |    150 |      0 |   1 |  227.0 |
         Sewer |   1829 |   1829 |      0 |    835 |    478 |   1 | 1829.0 |
               +--------+--------+--------+--------+--------+-----+--------+

Top non-repeatable levels by time:
     D:1: 2552 daAuts
     D:5: 2457 daAuts
   Sewer: 1829 daAuts
     D:6: 1572 daAuts
     D:2: 1076 daAuts
     D:4: 874 daAuts
     D:8: 853 daAuts
     D:7: 750 daAuts
     D:3: 571 daAuts
  Temple: 227 daAuts
